 Dungeon Crawl Stone Soup version 0.26.1-2-gb8aa6d0cf2 (webtiles) character file.

Game seed: 953141482611733604

71 jlumianski the Skirmisher (level 4, -7/40 HPs)
             Began as a Palentonga Fighter on Feb 28, 2021.
             Killed by divine providence
             ... invoked by an orc priest
              (13 damage)
             ... on level 2 of the Dungeon.
             The game lasted 00:04:07 (1376 turns).

jlumianski the Skirmisher (Palentonga Fighter)      Turns: 1376, Time: 00:04:07

Health: -7/40      AC:  6    Str: 20    XL:     4   Next: 5%
Magic:  4/4        EV:  5    Int:  9    God:
Gold:   71         SH:  9    Dex:  9    Spells: 3/3 levels left

rFire    . . .     SeeInvis +   a - +0 war axe
rCold    . . .     Faith    .   c - +0 kite shield
rNeg     . . .     Spirit   .   b - +0 scale mail
rPois    .         Reflect  .   (no helmet)
rElec    .         Harm     .   (no cloak)
rCorr    .         Rampage  .   (no gloves)
Will     .....                  (no barding)
Stlth    ..........             (no amulet)
HPRegen  0.13/turn              (no ring)
MPRegen  0.09/turn              (no ring)

@: no status effects
A: large, rugged brown scales 3, see invisible, deformed body, roll 1, armoured
tail
a: Rolling Charge


You were on level 2 of the Dungeon.
You visited 1 branch of the dungeon, and saw 2 of its levels.

You collected 71 gold pieces.

Inventory:

Hand Weapons
 a - a +0 war axe (weapon)
Missiles
 f - 3 javelins
 g - 2 stones
 m - 16 poisoned darts (quivered)
Armour
 b - a +0 scale mail (worn)
 c - a +0 kite shield (worn)
Scrolls
 e - a scroll of remove curse {unknown}
 h - a scroll of fog {unknown}
 i - a scroll of blinking {unknown}
 j - a scroll of identify {unknown}
 l - a scroll of teleportation {unknown}
Potions
 d - a potion of might
 k - a potion of haste {unknown}


   Skills:
 + Level 3.5 Fighting
 + Level 2.6 Axes
 + Level 2.8 Armour
 + Level 0.2 Dodging
 + Level 3.0 Shields


You had 3 spell levels left.
You didn't know any spells.
Your spell library was empty.

Dungeon Overview and Level Annotations

Branches:
Dungeon (2/15)

Altars:


Innate Abilities, Weirdness & Mutations

You are completely covered in rugged brown scales. (AC +3, +7% HP)
You have supernaturally acute eyesight. (SInv)
Armour fits poorly on your strangely shaped body.
You can roll at nearby foes to attack.
You have a long armoured tail.


Message History

You hit the orc priest.
The orc priest is moderately wounded.
You block the orc priest's attack.
You barely miss the orc priest.
The orc priest is moderately wounded.
You block the orc priest's attack.
The orc priest hits you with a +0 dagger.
You barely miss the orc priest. You tail-slap the orc priest.
The orc priest is severely wounded.
The orc priest hits you with a +0 dagger.
You closely miss the orc priest.
The orc priest is severely wounded.
You barely miss the quokka.
The orc priest calls down the wrath of Beogh upon you.
Beogh smites you!
* * * LOW HITPOINT WARNING * * *
You block the quokka's attack.
The orc priest mumbles some strange prayers to Beogh against you.
Beogh smites you!
You die...

...#.#.# ## #......
... #.....
#.########.... ####
#.......##.#.# #....
.#......<##.#.##..≈..
.........##...#$.....
.##...r.......#⌠.....
#....@.####.#$.....
#....o.# #.# ..≈..
#......# #.## ....
######## #.o#########
######.....o.o..
#........#####..
#.######.#####..
#.##..... ##.##.##..


You could see an orc priest and a quokka.

Vanquished Creatures
  An orc priest (D:1)
  2 adders (D:1)
  A leopard gecko (D:1)
  2 orcs (D:1)
  A giant cockroach (D:1)
  2 goblins
  3 hobgoblins
  4 kobolds
  3 bats
  A frilled lizard (D:2)
  2 rats (D:1)
22 creatures vanquished.

Notes
Turn   | Place    | Note
-------+----------+-------------------------------------------
     0 | D:1      | jlumianski the Palentonga Fighter began the quest for the
                  | Orb.
     0 | D:1      | Reached XP level 1. HP: 20/20 MP: 1/1
    74 | D:1      | Reached XP level 2. HP: 27/27 MP: 2/2
   222 | D:1      | Reached XP level 3. HP: 33/33 MP: 3/3
  1337 | D:1      | Reached XP level 4. HP: 35/40 MP: 4/4
  1376 | D:2      | Killed from afar by an orc priest

Illustrated notes

Levels and vault maps discovered:
D:1:      roderic_dead_forest, layout_basic, minivault_5,
          minmay_misc_feat_more_columns
D:2:      cheibrodos_pilgrimage, layout_loops_cross,
          nicolae_overflow_hidden_temple

Skill      XL: |  1  2  3 |
---------------+----------+-----
Shields        | 3 |  3.0
Fighting       | |  3.5
Axes           | |  2.6
Armour         | |  2.8
Dodging        | |  0.2

Action                   |  1- 3 |  4- 6 || total
-------------------------+-------+-------++-------
Melee: War axe           |    55 |     6 ||    61
       Tailslap          |     6 |     1 ||     7
 Abil: Rolling Charge    |    14 |     1 ||    15
Armor: Scale mail        |    41 |       ||    41
Dodge: Dodged            |    16 |     1 ||    17
Block: Kite shield       |    32 |     3 ||    35
